 Seeded DCSS version 0.28-a0-664-gc179e30c89 (webtiles) character file.

Game seed: 20211015 (custom seed)

14067 a11behringer the Impaler (level 11, 0/99 HPs)
             Began as a Minotaur Fighter on Oct 16, 2021.
             Was a High Priest of Cheibriados.
             Slain by Fannar (7 damage)
             ... on level 1 of the Orcish Mines.
             The game lasted 00:36:58 (9355 turns).

a11behringer the Impaler (Minotaur Fighter)         Turns: 9355, Time: 00:36:59

Health: 0/99       AC: 31    Str: 37    XL:     11   Next: 83%
Magic:  13/13      EV: 10    Int: 18    God:    Cheibriados [*****.]
Gold:   332        SH:  6    Dex: 23    Spells: 10/10 levels left

rFire   . . .      SeeInvis .   S - +3 demon trident (flame)
rCold   . . .      Faith    .   c - +0 buckler
rNeg    . . .      Spirit   .   J - +10 plate armour {ponderous}
rPois   .          Reflect  .   O - +1 hat
rElec   .          Harm     .   R - +1 cloak
rCorr   +          Rampage  .   (no gloves)
Will    .....                   g - +0 pair of boots
Stlth   ..........              p - amulet of regeneration
HPRegen 1.26/turn               e - ring of resist corrosion
MPRegen 0.13/turn               (no ring)

@: very slow
A: horns 2, retaliatory headbutt
a: Renounce Religion, Bend Time, Temporal Distortion, Slouch, Step From Time


You were on level 1 of the Orcish Mines.
You worshipped Cheibriados.
Cheibriados was extremely pleased with you.
You visited 3 branches of the dungeon, and saw 14 of its levels.

You collected 816 gold pieces.
You spent 484 gold pieces at shops.

Inventory:

Hand Weapons
 a - a +1 trident
 s - a +0 hunting sling
 y - a +0 shortbow
 I - a +0 glaive
 S - a +3 demon trident of flaming (weapon)
Missiles
 j - 45 sling bullets
 m - 4 throwing nets (quivered)
 t - 42 bolts
 z - 266 arrows
Armour
 b - a +0 scale mail
 c - a +0 buckler (worn)
 g - a +0 pair of boots (worn)
 k - a +0 chain mail
 q - a +0 plate armour
 v - a +2 scale mail of cold resistance
 J - a +10 plate armour of ponderousness (worn)
 O - a +1 hat (worn)
 R - a +1 cloak (worn)
 U - a +0 kite shield
Jewellery
 e - a ring of resist corrosion (left hand)
 o - an amulet of the acrobat
 p - an amulet of regeneration (around neck)
 w - a ring of poison resistance
 E - a ring of protection from cold
 T - the ring "Sim Tott" {rC+ Str+6}
   (You found it on level 10 of the Dungeon)

   [ring of strength]

   Str:       It affects your strength (+6).
   rC:        It protects you from cold.
Wands
 D - a wand of paralysis (4)
 K - a wand of flame (71)
 L - a wand of acid (10)
 M - a wand of polymorph (9)
Scrolls
 l - 4 scrolls of noise
 u - 2 scrolls of fear
 A - a scroll of enchant armour
 C - a scroll of brand weapon
 H - a scroll of teleportation
 V - a scroll of blinking
Potions
 d - a potion of might
 f - 3 potions of curing
 i - 5 potions of lignification
 n - 2 potions of attraction
 r - 2 potions of haste
 x - 2 potions of magic
 B - 3 potions of flight
 F - 2 potions of mutation
 G - a potion of brilliance
 N - a potion of resistance
 Q - a potion of cancellation
 W - a potion of degeneration {unknown}
Miscellaneous
 P - a tin of tremorstones (2/2)


   Skills:
 + Level 9.7 Fighting
 + Level 15.5 Polearms
 + Level 13.0 Armour
 + Level 2.2 Dodging
 + Level 4.9 Shields
 * Level 4.5 Invocations


You had 10 spell levels left.
You didn't know any spells.
Your spell library contained the following spells:

 Spells                   Type           Power      Damage    Failure   Level
 Magic Dart               Conj           0%         1d3       67%         1
 Sting                    Tmut/Pois      0%         1d3       67%         1
 Poisonous Vapours        Pois/Air       0%         N/A       82%         2
 Searing Ray              Conj           0%         2d4       82%         2
 Static Discharge         Conj/Air       0%         N/A       82%         2
 Call Canine Familiar     Summ           0%         N/A       96%         3
 Portal Projectile        Hex/Tloc       0%         N/A       96%         3
 Dispel Undead            Necr           0%         3d6       100%        4
 Fulminant Prism          Conj/Hex       0%         3d6       100%        4
 Leda's Liquefaction      Hex/Erth       0%         N/A       100%        4
 Olgreb's Toxic Radiance  Pois           0%         N/A       100%        4
 Sticky Flame             Conj/Fire      0%         2d3       100%        4


Dungeon Overview and Level Annotations

Branches:
Dungeon (12/15)            Temple (1/1) D:4            Lair (0/6) D:8
    Orc (1/2) D:12

Altars:
Cheibriados
Elyvilon
Gozag
Kikubaaqudgha
Makhleb
Nemelex Xobeh
Okawaru
Qazlal
Trog
Wu Jian
Xom
Zin
The Shining One

Shops:
D:1 :   D:5 (   D:6 :

Annotations:
D:7 2 transporters, Figureslego113's ghost, novice TrMo
Orc:1 Fannar


Innate Abilities, Weirdness & Mutations

You have a pair of horns on your head.
You reflexively headbutt those who attack you in melee.


Message History

Found an escape hatch in the floor.
The ogre barely misses you. The ogre hits you but does no damage.
Your plate armour prevents you from hitting the ogre.
You puncture the ogre! You burn the ogre. You headbutt the ogre.
The ogre is severely wounded.
The ogre hits you with a +0 giant club.
You impale the ogre!! You burn the ogre.
You kill the ogre!
Cheibriados appreciates the change of pace.
HP restored.
Things that are here:
a +0 giant club; an ogre corpse
There is an escape hatch in the floor here.
You now have 332 gold pieces (gained 14).
Fannar the Cold-Hearted comes into view.
They are wielding a staff of cold and wearing a +2 robe of cold resistance.
Fannar shouts!
Fannar gestures wildly while chanting.
Fannar is nearby!
Found an iron altar of Okawaru.
Fannar gestures wildly while chanting.
Fannar drains the heat from the surrounding environment!
Fannar casts a spell.
Fannar drains the heat from the surrounding environment!
Found 11 gold pieces.
Fannar casts a spell at you. The bolt of cold hits you!!!
* * * LOW HITPOINT WARNING * * *
Fannar closely misses you.
The ice beast hits you but does no damage.
You barely miss Fannar. Your headbutt misses Fannar.
Fannar points at you and mumbles some strange words.
The bolt of cold hits you!!
* * * LOW HITPOINT WARNING * * *
Unknown command.
You feel better.
The ice beast hits you but does no damage.
Fannar hits you with a staff of cold.
* * * LOW HITPOINT WARNING * * *
Fannar freezes you!
You die...

#.....####....####......#
#.#......##))....#....####
. ##.#....#..#..###...#
.##....<..##..#...## ..
#.......#......##
............##.....#
......#.....#...##
....###.....##### #...
##.@...# #.. #eY...# ..
#...#### .....# ..#...#
#$.#_#.## ##..#.. #.. ..


You could see Fannar and an ice beast (summoned).

Vanquished Creatures
  Gastronok (D:10)
  A rakshasa (D:11)
  2 two-headed ogres
  2 tengu warriors (D:11)
  Pikel (D:7)
  An ugly thing (D:11)
  2 cyclopes
  2 gargoyles (D:12)
  Psyche (D:10)
  An unseen horror (D:10)
  A freezing wraith (D:11)
  A komodo dragon (D:8)
  A troll (D:12)
  Grinder (D:3)
  3 yaks (D:10)
  A wraith (D:10)
  3 wyverns
  A vampire (D:10)
  A steam dragon (D:10)
  A vampire mosquito (D:8)
  The ghost of AttackTheMoon the Skirmisher, an amateur TeAK of Lugonu (D:3)
  2 water moccasins
  An acid dragon (D:10)
  2 black bears
  5 orc warriors
  2 ogres
  9 centaurs
  A lemure (D:7)
  A bullfrog (D:7)
  A kobold brigand (D:7)
  6 scorpions
  A water moccasin skeleton (D:5)
  5 killer bees (D:8)
  13 wights
  2 howler monkeys
  A bullfrog zombie (D:5)
  4 centaur zombies
  4 hounds
  2 jellies
  A bullfrog skeleton (D:7)
  7 orc priests
  2 gnoll shamans (D:7)
  10 orc wizards
  A killer bee zombie (D:9)
  A howler monkey zombie (D:9)
  11 gnolls
  8 adders
  An ufetubus (D:6)
  2 adder skeletons (D:4)
  3 worms
  A dart slug (D:5)
  33 orcs
  3 ball pythons (D:3)
  2 endoplasms
  10 giant cockroaches
  7 goblins
  5 hobgoblins
  3 quokkas
  A bat (D:3)
  2 frilled lizards
  6 kobolds
  2 rats
213 creatures vanquished.

Vanquished Creatures (others)
  5 plants (D:8)
5 creatures vanquished.

Grand Total: 218 creatures vanquished

Notes
Turn   | Place    | Note
-------+----------+-------------------------------------------
     0 | D:1      | a11behringer the Minotaur Fighter began the quest for the
                  | Orb.
     0 | D:1      | Reached XP level 1. HP: 19/19 MP: 0/0
   351 | D:1      | Found Lurig's Book Boutique.
   379 | D:1      | Reached XP level 2. HP: 27/27 MP: 1/1
   996 | D:2      | Reached skill level 3 in Polearms
  1165 | D:2      | Reached XP level 3. HP: 33/33 MP: 2/2
  1431 | D:2      | Found a faded altar of an unknown god.
  1718 | D:3      | Reached XP level 4. HP: 39/40 MP: 3/3
  1723 | D:3      | Reached skill level 4 in Polearms
  2117 | D:4      | Reached XP level 5. HP: 44/47 MP: 4/4
  2383 | D:4      | Found an ornate altar of the Wu Jian Council.
  2384 | D:4      | Found a sparkling altar of Nemelex Xobeh.
  2385 | D:4      | Found an ancient bone altar of Kikubaaqudgha.
  2400 | D:4      | Found an iron altar of Okawaru.
  2472 | D:4      | Found a staircase to the Ecumenical Temple.
  2478 | D:4      | Reached skill level 5 in Polearms
  2488 | Temple   | Entered the Ecumenical Temple
  2551 | Temple   | Became a worshipper of Cheibriados the Contemplative
  2586 | D:4      | Noticed an ogre
  2592 | D:4      | Killed an ogre
  2593 | D:4      | Reached skill level 5 in Armour
  2593 | D:4      | Reached XP level 6. HP: 22/53 MP: 5/5
  2979 | D:5      | Entered Level 5 of the Dungeon
  2990 | D:5      | Reached skill level 6 in Polearms
  3024 | D:5      | Reached skill level 7 in Polearms
  3024 | D:5      | Reached XP level 7. HP: 56/60 MP: 6/6
  3296 | D:5      | Reached skill level 5 in Fighting
  3296 | D:5      | Reached skill level 8 in Polearms
  3330 | D:5      | Reached * piety under Cheibriados
  3372 | D:5      | Found Liqucipp's Weapon Shop.
  3807 | D:6      | Found Dosom's Self-Improvement Boutique.
  3849 | D:6      | Reached skill level 9 in Polearms
  3854 | D:6      | Reached XP level 8. HP: 68/68 MP: 7/7
  3969 | D:6      | Reached skill level 1 in Dodging
  4045 | D:6      | Reached ** piety under Cheibriados
  4046 | D:6      | Reached skill level 10 in Polearms
  4330 | D:7      | Reached skill level 11 in Polearms
  4420 | D:7      | Noticed a moth of wrath
  4421 | D:7      | Noticed Figureslego113's ghost (novice TrMo)
  4423 | D:7      | Noticed a two-headed ogre
  4425 | D:7      | Found a bloodstained altar of Trog.
  4431 | D:7      | Found a transporter.
  4445 | D:7      | Found a transporter.
  4471 | D:7      | Reached XP level 9. HP: 55/75 MP: 8/8
  4481 | D:7      | Reached *** piety under Cheibriados
  4594 | D:7      | Found a burning altar of Makhleb.
  4596 | D:7      | Noticed a green death
  4598 | D:7      | Found a glowing silver altar of Zin.
  4599 | D:7      | Noticed an angel
  4646 | D:7      | Noticed Pikel
  4657 | D:7      | Killed Pikel
  4658 | D:7      | Reached skill level 12 in Polearms
  4907 | D:3      | Found a transporter.
  4907 | D:3      | Noticed AttackTheMoon's ghost (amateur TeAK)
  4961 | D:3      | Noticed Grinder
  4966 | D:3      | Paralysed by Grinder for 6 turns
  4974 | D:3      | Killed Grinder
  5036 | D:3      | Found a transporter.
  5051 | D:3      | Killed AttackTheMoon's ghost
  5110 | D:3      | Found a glowing golden altar of the Shining One.
  5331 | D:7      | Reached skill level 13 in Polearms
  5663 | D:8      | Reached **** piety under Cheibriados
  5895 | D:8      | Found a bloodstained altar of Trog.
  6082 | D:8      | Found a staircase to the Lair.
  6082 | D:8      | Noticed a komodo dragon
  6093 | D:8      | Killed a komodo dragon
  6094 | D:8      | Reached XP level 10. HP: 85/86 MP: 9/9
  6123 | D:8      | Noticed a two-headed ogre
  6127 | D:8      | Killed a two-headed ogre
  6128 | D:8      | Reached skill level 14 in Polearms
  6998 | D:9      | Reached ***** piety under Cheibriados
  7079 | D:9      | Reached skill level 10 in Armour
  7197 | D:9      | Noticed a cyclops
  7207 | D:9      | Killed a cyclops
  7411 | D:5      | Bought a +3 demon trident of draining for 484 gold pieces
  7669 | D:10     | Entered Level 10 of the Dungeon
  7672 | D:10     | Noticed Psyche
  7677 | D:10     | Killed Psyche
  7717 | D:10     | Reached skill level 1 in Invocations
  8226 | D:10     | Noticed Gastronok
  8235 | D:10     | Killed Gastronok
  8236 | D:10     | Reached skill level 15 in Polearms
  8236 | D:10     | Reached XP level 11. HP: 95/95 MP: 10/12
  8248 | D:10     | Identified the ring "Sim Tott" {rC+ Str+6}
  8343 | D:11     | Noticed a brown ugly thing
  8350 | D:11     | Killed a brown ugly thing
  8371 | D:11     | Noticed a tengu warrior
  8371 | D:11     | Noticed a tengu warrior
  8379 | D:11     | Killed a tengu warrior
  8389 | D:11     | Killed a tengu warrior
  8732 | D:11     | Noticed a two-headed ogre
  8737 | D:11     | Killed a two-headed ogre
  8807 | D:11     | Noticed a rakshasa
  8828 | D:11     | Killed a rakshasa
  9211 | D:12     | Found a white marble altar of Elyvilon.
  9254 | D:12     | Found a staircase to the Orcish Mines.
  9283 | Orc:1    | Entered Level 1 of the Orcish Mines
  9350 | Orc:1    | Noticed Fannar
  9351 | Orc:1    | Found an iron altar of Okawaru.
  9354 | Orc:1    | HP: 1/99 [Fannar/bolt of cold (20)]
  9355 | Orc:1    | Slain by Fannar

Illustrated notes

Levels and vault maps discovered:
D:1:      nicolae_arrival_memento_mori, layout_basic, serial_shops,
          nicolae_shop_waterfront, hangedman_decor_peaks_small, nrook_campfire,
          hangedman_decor_push, minmay_worlds_worst_comb
D:2:      layout_loops_cross, shapermc_ecumenical_altar_hornbeckon
D:3:      layout_basic, tso_altar, gammafunk_ghost_arena, uniq_grinder
D:4:      layout_cave_pods, nicolae_overflow_quartered_altars,
          minmay_temple_entry_crystal_x, corexii_hall_statues_x,
          grunt_ministairs_9
D:5:      layout_loops_ring, serial_shops, nicolae_take_the_stairs
D:6:      layout_rooms, nicolae_shop_self_help
D:7:      layout_basic, grunt_temple_overflow_order_and_chaos_2,
          gammafunk_ghost_wrathful_warriors, uniq_pikel
D:8:      layout_cave_pods, bloody_trog, david_lair_shrubbed, minivault_11,
          small_chamber_with_monster, roderic_roman_lattice
D:9:      layout_loops_ring
D:10:     layout_basic, uniq_psyche, uniq_gastronok
D:11:     layout_cave_pods, st_stairs_8
D:12:     layout_loops_ring, david_orc_2, serial_rivers,
          chequers_serial_rivers_marsh, chequers_serial_rivers_marsh,
          chequers_serial_rivers_small_a, chequers_serial_rivers_small_3,
          serial_shops, shop_fountains, elyvilon_altar_4, uniq_frances
Temple:   dpeg_chambers_temple
Orc:1:    layout_diamond_mine, basic_altar, okawaru_metal_pillars_1_2,
          uniq_fannar

Skill      XL: |  1  2  3  4  5  6  7  8  9 10 11 |
---------------+----------------------------------+-----
Shields        | 4 |  4.9
Armour         | 4 5 6 7 8 11 13 | 13.0
Fighting       | 4 5 6 7 8 9 |  9.7
Polearms       | 3 4 5 7 9 11 13 15 | 15.5
Dodging        | 1 2 |  2.2
Invocations    | 2 4 |  4.5

Action                   |  1- 3 |  4- 6 |  7- 9 | 10-12 || total
-------------------------+-------+-------+-------+-------++-------
Melee: Trident           |    92 |    70 |   281 |    56 ||   499
       Headbutt          |    20 |    14 |    77 |    63 ||   174
       Demon trident     |       |       |       |   139 ||   139
Invok: Bend Time         |       |       |       |     2 ||     2
  Use: Scroll            |     1 |       |     7 |    13 ||    21
       Potion            |       |       |     1 |     2 ||     3
Armor: Scale mail        |    17 |       |       |       ||    17
       Chain mail        |     7 |       |       |       ||     7
       Plate armour      |    29 |    44 |   155 |   153 ||   381
Dodge: Dodged            |    21 |    19 |   100 |    81 ||   221
Block: Buckler           |    24 |    16 |    74 |    54 ||   168

Table legend: (Time is in decaauts)
 A = Elapsed time spent in this place.
 B = Non-inter-level travel time spent in this place.
 C = Inter-level travel time spent in this place.
 D = Time resting spent in this place.
 E = Time spent auto-exploring this place.
 F = Levels seen in this place.
 G = Mean time per level.
                   A        B        C        D        E       F      G
               +--------+--------+--------+--------+--------+-----+--------+
         Total |  13483 |  10939 |   2544 |      0 |   9280 |  14 |  963.1 |
       Dungeon |  13269 |  10776 |   2493 |      0 |   9154 |  12 | 1105.8 |
        Temple |     82 |     38 |     44 |      0 |     32 |   1 |   82.0 |
  Orcish Mines |    130 |    124 |      6 |      0 |     94 |   1 |  130.0 |
               +--------+--------+--------+--------+--------+-----+--------+

Top non-repeatable levels by time:
     D:8: 1862 daAuts
     D:7: 1554 daAuts
    D:11: 1342 daAuts
     D:9: 1266 daAuts
     D:5: 1243 daAuts
    D:10: 1184 daAuts
     D:2: 949 daAuts
     D:4: 936 daAuts
     D:3: 904 daAuts
     D:1: 869 daAuts
     D:6: 751 daAuts
    D:12: 403 daAuts
   Orc:1: 130 daAuts
  Temple: 82 daAuts
